 Dungeon Crawl Stone Soup version 0.25-a0-731-g0472a16d6a (webtiles) character file.

Game seed: 12294521009932918900, levelgen mode: deterministic

108 kae the Insei (level 4, -2/35 HPs)
             Began as a Draconian Transmuter on Apr 8, 2020.
             Blown up by Ijyb (37 damage)
             ... with a disintegration bolt
             ... on level 4 of the Dungeon.
             The game lasted 00:02:33 (2943 turns).

kae the Insei (Draconian Transmuter)                Turns: 2943, Time: 00:02:34

Health: -2/35      AC:  2    Str: 12    XL:     4   Next: 58%
Magic:  2/8        EV: 19    Int: 14    God:
Gold:   89         SH:  0    Dex: 17    Spells: 2/8 levels left

rFire    + . .     SeeInvis .     - Unarmed
rCold    . . .     Gourm    .   (shield currently unavailable)
rNeg     . . .     Faith    .   (armour unavailable)
rPois    x         Spirit   .   (helmet currently unavailable)
rElec    .         Reflect  .   (cloak currently unavailable)
rCorr    .         Harm     +   (gloves currently unavailable)
MR       .....                  (boots currently unavailable)
Stlth    ++........             i - amulet of harm
HPRegen  0.11/turn              o - ring of protection from fire
MPRegen  0.11/turn              (no ring)

@: spider-form, very slightly contaminated
A: tiny, unfitting armour, AC +5
a: End Transformation


You were on level 4 of the Dungeon.
You were not hungry.
You were a venomous arachnid creature.
You visited 1 branch of the dungeon, and saw 4 of its levels.

You collected 89 gold pieces.

Inventory:

Missiles
 a - 37 arrows
Jewellery
 i - an amulet of harm (around neck)
 o - a ring of protection from fire (left front leg)
Wands
 n - a wand of disintegration (15)
 r - a wand of iceblast (8)
Scrolls
 e - 2 scrolls of remove curse
 j - 4 scrolls of identify
 m - 3 scrolls of enchant armour
Potions
 f - 2 potions of magic
 h - 2 potions of curing {unknown}
 k - 2 potions of brilliance {unknown}
 p - a potion of mutation {unknown}
Comestibles
 c - 10 rations
 q - a chunk of flesh


   Skills:
 - Level 1.1 Fighting
 - Level 1.7 Dodging
 * Level 4.4 Unarmed Combat
 + Level 2.7 Spellcasting
 + Level 2.9 Transmutations


You had 2 spell levels left.
You knew the following spells:

 Your Spells              Type           Power        Failure   Level  Hunger
a - Beastly Appendage     Tmut           ##....       19%         1    #......
b - Sticks to Snakes      Tmut           ##......     24%         2    ###....
c - Spider Form           Tmut/Pois      #.........   56%         3    ###....

Your spell library contained the following spells:

 Spells                   Type           Power        Failure   Level  Hunger
 Ice Form                 Ice/Tmut       #.......     89%         4    #####..
 Blade Hands              Tmut           ##........   96%         5    ######.


Dungeon Overview and Level Annotations

Branches:
Dungeon (4/15)
 Temple: D:4-7

Altars:
Okawaru

Annotations:
D:4 Ijyb


Innate Abilities, Weirdness & Mutations

((Your plain brown scales are hard. (AC +5)))
You cannot fit into any form of body armour.
((You are cold-blooded and may be slowed by cold attacks.))


Message History

A frilled lizard comes into view.
As you read the scroll labeled FURESE ITZEGH, it crumbles to dust.
You assume a fearsome visage.
Ijyb looks frightened!
The frilled lizard looks frightened!
It was a scroll of fear.
As you read the scroll labeled DIEMPA KICUAJO, it crumbles to dust.
It is a scroll of enchant armour.
You aren't carrying any armour which can be enchanted further.
Cornered, the frilled lizard turns to fight!
Found 10 gold pieces.
Casting: Spider Form (safe; 34% risk of failure)
Confirm with . or Enter, or press ? or * to list all spells.
You miscast Spider Form.
You are very lightly contaminated with residual magic.
Waves of light ripple over your body.
Cornered, Ijyb turns to fight!
Casting: Spider Form (safe; 34% risk of failure)
Confirm with . or Enter, or press ? or * to list all spells.
You turn into a venomous arachnid creature.
Ijyb zaps a wand.
You are blasted!
Ouch! That really hurt!
You die...

########
#g.....##.
#.........
.....$##
#......#
#s# #.#
#......#
#....#(#
#..l.. #
#....##
...)[#
#######


You could see Ijyb and a frilled lizard.

Vanquished Creatures
  5 adders (D:2)
  2 worms (D:3)
  3 leopard geckos
  3 orcs (D:2)
  3 giant cockroaches
  7 goblins
  8 hobgoblins
  2 jackals (D:3)
  6 kobolds
  A quokka (D:3)
  3 bats
  4 frilled lizards
  5 rats
52 creatures vanquished.

Notes
Turn   | Place    | Note
-------+----------+-------------------------------------------
     0 | D:1      | kae the Draconian Transmuter began the quest for the Orb.
     0 | D:1      | Reached XP level 1. HP: 16/16 MP: 3/3
   114 | D:1      | Reached XP level 2. HP: 15/23 MP: 3/5
  1018 | D:2      | Reached XP level 3. HP: 13/28 MP: 4/6
  1389 | D:2      | Learned a level 2 spell: Sticks to Snakes
  1393 | D:2      | Learned a level 3 spell: Spider Form
  1453 | D:2      | Reached skill level 4 in Unarmed Combat
  1472 | D:2      | Reached XP level 4. HP: 26/35 MP: 5/7
  1599 | D:2      | Found an iron altar of Okawaru.
  2938 | D:4      | Noticed Ijyb
  2943 | D:4      | Blown up by Ijyb

Levels and vault maps discovered:
D:1:      nicolae_arrival_washed_ashore, layout_loops_ring
D:2:      layout_rooms, okawaru_altar_gauntlet_db
D:3:      layout_loops_ring, ebering_dispersal_statue_hall
D:4:      layout_basic, minmay_temple_entry_enclosed_plants, first_ration,
          uniq_ijyb

Skill      XL: |  1  2  3 |
---------------+----------+-----
Unarmed Combat | 4 |  4.4
Fighting       | |  1.1
Dodging        | |  1.7
Spellcasting   | |  2.7
Transmutations | |  2.9

Action                   |  1- 3 |  4- 6 || total
-------------------------+-------+-------++-------
Melee: Unarmed           |   100 |    66 ||   166
       Tailslap          |     9 |     2 ||    11
       Headbutt          |     3 |     3 ||     6
       Kick              |     9 |     2 ||    11
       Punch             |     1 |       ||     1
 Cast: Beastly Appendage |    17 |     4 ||    21
       Spider Form       |       |     7 ||     7
  Use: Scroll            |       |     7 ||     7
  Eat: Chunk             |     2 |     6 ||     8
Armor: Skin              |    28 |    21 ||    49
Dodge: Dodged            |    85 |    61 ||   146

Table legend:
 A = Non-vault XP
 B = Vault XP
 C = Vault XP percentage of total XP
 D = Non-vault monster count
 E = Vault monster count
 F = Vault count percentage of total count
                 A         B        C        D         E       F
            +---------+---------+-------+---------+---------+-------
      Total |     140 |      15 |   9.7 |      46 |       6 |  11.5
            +---------+---------+-------+---------+---------+-------
        D:1 |      31 |       2 |   6.1 |      18 |       1 |   5.3
        D:2 |      84 |      13 |  13.4 |      17 |       5 |  22.7
        D:3 |      25 |       0 |   0.0 |      11 |       0 |   0.0
            +---------+---------+-------+---------+---------+-------
